 Dungeon Crawl Stone Soup version 0.32-a0-43-g058985b245 (webtiles) character file.

Game seed: 8552375765269021077

18629 jlumianski the Grappler (level 12, -3/93 HPs)
             Began as a Gnoll Shapeshifter on Feb 4, 2024.
             Was an Elder of Wu Jian.
             Slain by an orc warlord
             ... wielding a +2 great sword of electrocution
              (29 damage)
             ... on level 10 of the Dungeon.
             The game lasted 01:18:59 (13102 turns).

jlumianski the Grappler (Gnoll Shapeshifter)       Turns: 13102, Time: 01:19:02

Health: -3/93      AC: 13    Str: 18    XL:     12   Next: 60%
Magic:  23/23      EV: 20    Int:  9    God:    Wu Jian [****..]
Gold:   1672       SH:  5    Dex: 13    Spells: 16/26 levels left

rFire   . .          .
                       - Unarmed
rCold   . . .        (shield currently unavailable)
rNeg    . . .        a - melded +0 animal skin
rPois   .            t - +2 helmet
rElec   .            R - +0 cloak {Stlth+}
rCorr   .            w - +2 pair of gloves {hurl}
SInv    +            A - +0 pair of boots
Will    .....        F - amulet of reflection
Stlth   ++           g - +4 ring of protection
HPRegen 0.35/turn    s - ring of see invisible
MPRegen 0.18/turn

%: reflection
@: flux-form, glowing
A: glow, contaminating, fangs 1, strong nose, distributed training
a: Begin Untransformation, Renounce Religion, Wall Jump, Serpent's Lash


You were on level 10 of the Dungeon.
You worshipped Wu Jian.
Wu Jian was greatly pleased with you.
You were something dangerously unstable.
You visited 3 branches of the dungeon, and saw 13 of its levels.

You collected 1730 gold pieces.
You spent 58 gold pieces at shops.

Inventory:

Missiles
 m - 6 boomerangs (quivered)
 C - 9 atropa-tipped darts
 I - 60 poisoned darts
 O - a curare-tipped dart
Armour
 a - a +0 animal skin (melded)
 o - an orb of guile
 p - a scarf of repulsion
 t - a +2 helmet (worn)
 w - a +2 pair of gloves of hurling (worn)
 A - a +0 pair of boots (worn)
 R - a +0 cloak of stealth (worn)
Magical Staves
 f - a staff of alchemy
Jewellery
 g - a +4 ring of protection (left hand)
 j - a ring of poison resistance
 l - a ring of ice
 s - a ring of see invisible (right hand)
 x - a ring of ice
 F - an amulet of reflection (around neck)
 M - an amulet of guardian spirit
 Q - a +6 ring of dexterity
 U - an amulet of faith
Talismans
 c - a beast talisman
 d - a flux talisman (active)
 J - the maw talisman "Xoxtazea" {Int+2}
   (You found it on level 6 of the Dungeon)

   [maw talisman]

   Int+2:     It affects your intelligence (+2).
Wands
 n - a wand of paralysis (2)
 B - a wand of mindburst (23)
 D - a wand of flame (25)
 E - a wand of iceblast (17)
 L - a wand of polymorph (15)
Scrolls
 h - 3 scrolls of amnesia
 k - a scroll of immolation
 r - 4 scrolls of fear
 u - a scroll of poison
 v - 6 scrolls of teleportation
 X - 2 scrolls of brand weapon
Potions
 b - 3 potions of lignification
 e - a potion of magic
 q - 3 potions of degeneration
 z - 2 potions of mutation
 K - a potion of curing {unknown}
 P - 2 potions of ambrosia {unknown}
 T - a potion of brilliance {unknown}
 V - a potion of haste {unknown}
 W - a potion of resistance
 Y - a potion of attraction {unknown}


   Skills:
 + Level 8.2 Fighting
 + Level 7.7 Short Blades
 + Level 7.7 Long Blades
 + Level 7.7 Axes
 + Level 7.7 Maces & Flails
 + Level 7.7 Polearms
 + Level 7.7 Staves
 + Level 7.7 Ranged Weapons
 + Level 7.7 Throwing
 + Level 7.7 Armour
 + Level 9.1 Dodging
 + Level 7.7 Stealth
 + Level 7.7 Shields
 + Level 10.2 Unarmed Combat
 + Level 7.7 Spellcasting
 + Level 6.4 Conjurations
 + Level 6.4 Hexes
 + Level 6.4 Summonings
 + Level 6.4 Necromancy
 + Level 6.4 Translocations
 + Level 6.4 Fire Magic
 + Level 6.4 Ice Magic
 + Level 6.4 Air Magic
 + Level 6.4 Earth Magic
 + Level 6.4 Alchemy
 + Level 8.4 Invocations
 + Level 7.7 Evocations
 + Level 9.7 Shapeshifting


You had 16 spell levels left.
You knew the following spells:

 Your Spells              Type           Power      Damage    Failure   Level
a - Magic Dart            Conj           60%        1d6       1%          1
b - Call Imp              Summ           30%        N/A       1%          2
c - Ensorcelled Hibernat  Hex/Ice        30%        N/A       1%          2
d - Searing Ray           Conj           30%        2d5       1%          2
e - Confusing Touch       Hex            15%        N/A       4%          3

Your spell library contained the following spells:

 Spells                   Type           Power      Damage    Failure   Level
 Slow                     Hex            60%        N/A       1%          1
 Sublimation of Blood     Necr           15%        N/A       1%          2
 Fugue of the Fallen      Necr           15%        N/A       4%          3
 Ozocubu's Armour         Ice            15%        N/A       4%          3
 Sigil of Binding         Hex            15%        N/A       4%          3
 Vampiric Draining        Necr           15%        2d7       4%          3
 Anguish                  Hex/Necr       7%         N/A       13%         4
 Fulminant Prism          Conj/Alch      7%         3d7       13%         4
 Manifold Assault         Tloc           15%        N/A       13%         4
 Summon Hydra             Summ           7%         N/A       100%        7


Dungeon Overview and Level Annotations

Branches:
Dungeon (11/15)            Temple (1/1) D:4             Orc (1/2) D:10
   Lair: D:8-11

Altars:
Ashenzari
Cheibriados
Dithmenos
Elyvilon
Fedhas
Gozag
Hepliaklqana
Kikubaaqudgha
Makhleb
Nemelex Xobeh
Okawaru
Qazlal
Ru
Sif Muna
Trog
Uskayaw
Vehumet
Wu Jian
Xom
Yredelemnul
Zin
The Shining One

Shops:
D:4 =[=   D:5 :

Annotations:
D:7 Jeremiah


Innate Abilities, Weirdness & Mutations

You are something dangerously unstable.
You glow with magical radiation, making you easy to see and hit.
Foes you strike become dangerously contaminated with magical radiation.
You are incapable of wielding weapons or throwing items.
You have very sharp teeth.
Your uncanny sense of smell can sniff out nearby items.
Your experience applies equally to all skills.


Message History

You hit the orc warrior.
The orc warrior shudders as magic cascades through it!!
The orc warrior twists and deforms.
The orc warrior is severely wounded.
You repeatedly attack the troll from above.
You hit the troll but do no damage.
The troll shudders as magic cascades through it!
The troll twists and deforms.
The troll is moderately wounded.
You punch the troll!
The troll begins to glow.
The troll is severely wounded.
You hit the troll.
The troll glows dangerously bright.
The troll is severely wounded.
The troll bites you! The troll completely misses you.
The troll closely misses you. The troll completely misses you.
The troll closely misses you. x2
You see here a +0 arbalest.
Aiming: Wall Jump
Press: ? - help, Dir - move target You repeatedly attack the orc from above.
You punch the orc!
You kill the orc!
The Council accepts your kill.
You repeatedly attack the troll from above.
You hit the troll.
The troll shudders as magic cascades through it!
You kill the troll!
The Council accepts your kill.
The troll leather armour is intact enough to wear.
The orc warrior closely misses you.
The orc warlord hits you with a +2 great sword of electrocution!!
* * * LOW HITPOINT WARNING * * *
Aiming: Wall Jump
Press: ? - help, Dir - move target You repeatedly attack the orc warrior from above.
You punch the orc warrior!
You kill the orc warrior!
The Council accepts your kill.
The orc warlord hits you with a +2 great sword of electrocution!!
You die...

################.## ##.###..###
.......##.........# ##..####.[.#
........#.........# ##....#####)#
........#.........# #.#..........
........#.........####...........
........))...######.#............
.......##))..#)°.#8#.....<.......
.......##....#)○o°...............
.......##....#.°p#8#.............
.......##....#######.....#.####'#
.......########.# ###...#.# #.#
#####.## #.# #.#..#.# #.# #.#
##.# ##.#...# #.# #.# ##..#
##..### #.# #.# #..## ##.# #.#
#.# ####'#### ### #.#
#####.####.......# #.#


You could see an orc warlord (contam).

Vanquished Creatures
  Gastronok (D:9)
  Fannar (D:10)
  A centaur warrior (D:11)
  2 two-headed ogres
  An arcanist (D:11)
  Pikel (D:3)
  An orc sorcerer (D:10)
  Maurice (D:9)
  2 cyclopes (D:11)
  2 kobold blastminers (D:10)
  2 ugly things
  A gargoyle (D:11)
  An unseen horror (D:10)
  2 komodo dragons
  A tengu conjurer (D:11)
  5 trolls
  A shadow (D:11)
  Sigmund (D:2)
  A wraith (D:10)
  9 yaks (D:8)
  2 steam dragons
  3 vampire mosquitoes
  A water moccasin (D:6)
  4 acid dragons
  8 orc warriors
  An ice beast (D:7)
  3 ogres
  2 black bears
  A wolf (D:11)
  5 centaurs
  6 kobold brigands
  A lemure (D:3)
  A gnoll sergeant (D:8)
  5 bullfrogs
  3 scorpions
  4 wights (D:8)
  40 killer bees
  4 howler monkeys
  5 jellies
  11 orc priests
  A hound (D:6)
  A sleepcap (D:5)
  4 iguanas
  16 orc wizards
  Robin (D:2)
  A gnoll (D:5)
  8 adders
  3 white imps
  4 ufetubi (D:6)
  51 orcs
  5 endoplasms
  2 giant cockroaches (D:3)
  9 hobgoblins
  6 jackals (D:1)
  36 kobolds
  5 quokkas
  9 ball pythons
  2 bats (D:2)
  7 frilled lizards
  9 goblins
  4 rats
331 creatures vanquished.

Vanquished Creatures (others)
  An orc (Orc:1)
  A kobold (D:9)
2 creatures vanquished.

Grand Total: 333 creatures vanquished

Notes
Turn   | Place    | Note
-------+----------+-------------------------------------------
     0 | D:1      | jlumianski the Gnoll Shapeshifter began the quest for the
                  | Orb.
     0 | D:1      | Reached XP level 1. HP: 17/17 MP: 1/1
   299 | D:1      | Reached XP level 2. HP: 23/23 MP: 2/2
   378 | D:2      | Reached XP level 3. HP: 22/28 MP: 3/3
   640 | D:1      | Reached skill level 1 in Invocations
  1104 | D:2      | Found a sparkling altar of Nemelex Xobeh.
  1179 | D:2      | Reached skill level 1 in Short Blades
  1179 | D:2      | Reached skill level 1 in Long Blades
  1179 | D:2      | Reached skill level 1 in Axes
  1179 | D:2      | Reached skill level 1 in Maces & Flails
  1179 | D:2      | Reached skill level 1 in Polearms
  1179 | D:2      | Reached skill level 1 in Staves
  1179 | D:2      | Reached skill level 1 in Ranged Weapons
  1179 | D:2      | Reached skill level 1 in Throwing
  1179 | D:2      | Reached skill level 1 in Armour
  1179 | D:2      | Reached skill level 1 in Stealth
  1179 | D:2      | Reached skill level 1 in Shields
  1179 | D:2      | Reached skill level 1 in Spellcasting
  1179 | D:2      | Reached skill level 1 in Evocations
  1266 | D:2      | Found a faded altar of an unknown god.
  1288 | D:2      | Noticed Sigmund
  1330 | D:2      | Killed Sigmund
  1331 | D:2      | Reached skill level 1 in Conjurations
  1331 | D:2      | Reached skill level 1 in Hexes
  1331 | D:2      | Reached skill level 1 in Summonings
  1331 | D:2      | Reached skill level 1 in Necromancy
  1331 | D:2      | Reached skill level 1 in Translocations
  1331 | D:2      | Reached skill level 1 in Fire Magic
  1331 | D:2      | Reached skill level 1 in Ice Magic
  1331 | D:2      | Reached skill level 1 in Air Magic
  1331 | D:2      | Reached skill level 1 in Earth Magic
  1331 | D:2      | Reached skill level 1 in Alchemy
  1331 | D:2      | Reached XP level 4. HP: 16/35 MP: 4/6
  1331 | D:2      | Reached XP level 5. HP: 19/41 MP: 4/7
  1395 | D:2      | Noticed Robin
  1408 | D:2      | Killed Robin
  1704 | D:3      | Reached XP level 6. HP: 45/47 MP: 8/8
  2205 | D:3      | Reached skill level 5 in Dodging
  2373 | D:4      | Noticed Pikel
  2429 | D:3      | Killed Pikel
  2430 | D:3      | Reached skill level 7 in Unarmed Combat
  2430 | D:3      | Reached XP level 7. HP: 42/53 MP: 9/11
  2508 | D:4      | Found Kucliwn's Jewellery Shoppe.
  2535 | D:4      | Found Lamub's Jewellery Shoppe.
  2539 | D:4      | Found Keepn's Armour Shoppe.
  2568 | D:4      | Bought a +0 pair of boots for 58 gold pieces
  2629 | D:4      | Found a hazy altar of Hepliaklqana.
  2681 | D:5      | Entered Level 5 of the Dungeon
  2684 | D:5      | Found Atameodof's Self-Published Books.
  3043 | D:4      | Found a shimmering altar of Xom.
  3079 | D:4      | Reached XP level 8. HP: 53/60 MP: 12/12
  3171 | D:4      | Found a sacrificial altar of Ru.
  3204 | D:4      | Found a staircase to the Ecumenical Temple.
  3219 | Temple   | Entered the Ecumenical Temple
  3325 | D:4      | Learned a level 1 spell: Magic Dart
  3887 | D:5      | Found a sparkling altar of Nemelex Xobeh.
  4253 | D:5      | Found a snail-covered altar of Cheibriados.
  4788 | D:6      | Identified the maw talisman "Xoxtazea" {Int+2}
  4878 | D:7      | Reached XP level 9. HP: 66/66 MP: 12/14
  4896 | D:7      | You fall into a shaft and drop 2 floors!
  4942 | D:10     | Entered Level 10 of the Dungeon
  5082 | D:9      | Noticed Maurice
  5090 | D:9      | Maurice stole a +6 ring of dexterity
  5095 | D:9      | Maurice stole an orb of guile
  5096 | D:9      | Killed Maurice
  5097 | D:9      | Reached skill level 5 in Fighting
  5097 | D:9      | Reached skill level 8 in Unarmed Combat
  5274 | D:9      | Reached skill level 5 in Invocations
  5410 | D:9      | Noticed a two-headed ogre
  5427 | D:8      | Killed a two-headed ogre
  5555 | D:8      | Learned a level 2 spell: Call Imp
  5558 | D:8      | Learned a level 2 spell: Ensorcelled Hibernation
  5561 | D:8      | Learned a level 2 spell: Searing Ray
  5568 | D:8      | Found an ornate altar of the Wu Jian Council.
  5581 | D:8      | Reached skill level 5 in Short Blades
  5581 | D:8      | Reached skill level 5 in Long Blades
  5581 | D:8      | Reached skill level 5 in Axes
  5581 | D:8      | Reached skill level 5 in Maces & Flails
  5581 | D:8      | Reached skill level 5 in Polearms
  5581 | D:8      | Reached skill level 5 in Staves
  5581 | D:8      | Reached skill level 5 in Ranged Weapons
  5581 | D:8      | Reached skill level 5 in Throwing
  5581 | D:8      | Reached skill level 5 in Armour
  5581 | D:8      | Reached skill level 5 in Stealth
  5581 | D:8      | Reached skill level 5 in Shields
  5581 | D:8      | Reached skill level 5 in Spellcasting
  5581 | D:8      | Reached skill level 5 in Evocations
  5581 | D:8      | Reached XP level 10. HP: 68/76 MP: 17/17
  5588 | D:8      | Became a worshipper of the Wu Jian Council
  6294 | D:6      | Reached * piety under Wu Jian
  6533 | D:6      | Found a radiant altar of Vehumet.
  6762 | D:7      | Noticed Jeremiah
  7532 | D:7      | Learned a level 3 spell: Confusing Touch
  7688 | D:7      | Reached ** piety under Wu Jian
  7993 | D:7      | Found an iron altar of Okawaru.
  7997 | D:7      | Found a shimmering blue altar of Sif Muna.
  8001 | D:7      | Found a glowing silver altar of Zin.
  8007 | D:7      | Found a broken altar of Ashenzari.
  8013 | D:7      | Found a stormy altar of Qazlal.
  8186 | D:9      | Reached skill level 9 in Unarmed Combat
  8548 | D:9      | Reached skill level 5 in Conjurations
  8548 | D:9      | Reached skill level 5 in Hexes
  8548 | D:9      | Reached skill level 5 in Summonings
  8548 | D:9      | Reached skill level 5 in Necromancy
  8548 | D:9      | Reached skill level 5 in Translocations
  8548 | D:9      | Reached skill level 5 in Fire Magic
  8548 | D:9      | Reached skill level 5 in Ice Magic
  8548 | D:9      | Reached skill level 5 in Air Magic
  8548 | D:9      | Reached skill level 5 in Earth Magic
  8548 | D:9      | Reached skill level 5 in Alchemy
  8552 | D:9      | Reached XP level 11. HP: 83/83 MP: 20/20
  8697 | D:10     | Noticed Gastronok
  8825 | D:10     | Noticed Fannar
  8839 | D:10     | Killed Fannar
  8990 | D:10     | Identified a scroll of acquirement
  8990 | D:10     | Acquired 1147 gold pieces
  9636 | D:9      | Killed Gastronok
  9726 | D:10     | Found a staircase to the Orcish Mines.
  9831 | D:10     | Reached *** piety under Wu Jian
 10116 | D:11     | Noticed a centaur warrior
 10124 | D:11     | Killed a centaur warrior
 10350 | D:11     | Noticed a two-headed ogre
 10407 | D:11     | Killed a two-headed ogre
 10496 | D:11     | Noticed an arcanist
 10524 | D:11     | Killed an arcanist
 10541 | D:11     | Reached XP level 12. HP: 49/91 MP: 22/22
 10784 | D:11     | Noticed a two-headed ogre
 10812 | D:11     | HP: 1/92 [cyan ugly thing (14)]
 11014 | D:10     | Reached skill level 10 in Unarmed Combat
 11367 | D:11     | Reached **** piety under Wu Jian
 11433 | D:11     | Noticed a tengu warrior
 11615 | Orc:1    | Entered Level 1 of the Orcish Mines
 13006 | Orc:1    | Noticed an orc warlord
 13102 | D:10     | Slain by an orc warlord

Illustrated notes

Levels and vault maps discovered:
D:1:      psy_arrival_terrarium, layout_basic
D:2:      layout_loops_ring, basic_altar,
          dreamdust_ecumenical_altar_angels_and_demons, minmay_pentomino_t4,
          uniq_sigmund, uniq_robin
D:3:      layout_basic
D:4:      layout_loops_corners, worldfamousw_hep_ancestral_shrine,
          mainiacjoe_overflow_large_starburst, minmay_temple_entry_glass,
          serial_shops, nicolae_shop_gaudy_bauble,
          corexii_item_surrounded_by_moat, kennysheep_minor_cross,
          nicolae_wooded_promenade, uniq_pikel
D:5:      layout_rooms, lemuel_coloured_pillars_altar,
          mainiacjoe_overflow_boulevard, serial_corexii_hall,
          corexii_hall_statues_i, corexii_hall_statues_l, serial_bayou_pond_b,
          interstate_on_off, nicolae_custom_books,
          serial_library_hellmonk_big_corner, minivault_5,
          hangedman_decor_opposing
D:6:      layout_basic, nicolae_vehumet_altar_sigil,
          serial_library_hellmonk_junction
D:7:      layout_rooms, nicolae_overflow_hallway_of_the_gods,
          kennysheep_generic_room_9, uniq_jeremiah
D:8:      layout_basic, nicolae_wu_jian_immortal_techniques, st_stairs_2
D:9:      layout_basic, uniq_maurice
D:10:     layout_roguey, hiddenorc1_lemuel, uniq_gastronok, uniq_fannar
D:11:     hangedman_what_comes_after_a, layout_loops_ring,
          erik_lair_orcish_takeover
Temple:   hellmonk_temple_micro_hex
Orc:1:    layout_caves, uniq_nergalle

Skill      XL: |  1  2  3  4  5  6  7  8  9 10 11 12 |
---------------+-------------------------------------+-----
Invocations    | 1 2 3 4 5 6 7 8 |  8.4
Short Blades   | 1 2 3 5 6 7 |  7.7
Long Blades    | 1 2 3 5 6 7 |  7.7
Axes           | 1 2 3 5 6 7 |  7.7
Maces & Flails | 1 2 3 5 6 7 |  7.7
Polearms       | 1 2 3 5 6 7 |  7.7
Staves         | 1 2 3 5 6 7 |  7.7
Ranged Weapons | 1 2 3 5 6 7 |  7.7
Throwing       | 1 2 3 5 6 7 |  7.7
Armour         | 1 2 3 5 6 7 |  7.7
Stealth        | 1 2 3 5 6 7 |  7.7
Shields        | 1 2 3 5 6 7 |  7.7
Spellcasting   | 1 2 3 5 6 7 |  7.7
Evocations     | 1 2 3 5 6 7 |  7.7
Fighting       | 3 4 5 6 7 8 |  8.2
Conjurations   | 1 2 3 4 5 6 |  6.4
Hexes          | 1 2 3 4 5 6 |  6.4
Summonings     | 1 2 3 4 5 6 |  6.4
Necromancy     | 1 2 3 4 5 6 |  6.4
Translocations | 1 2 3 4 5 6 |  6.4
Fire Magic     | 1 2 3 4 5 6 |  6.4
Ice Magic      | 1 2 3 4 5 6 |  6.4
Air Magic      | 1 2 3 4 5 6 |  6.4
Earth Magic    | 1 2 3 4 5 6 |  6.4
Alchemy        | 1 2 3 4 5 6 |  6.4
Dodging        | 5 6 7 8 9 |  9.1
Unarmed Combat | 7 8 9 10 | 10.2
Shapeshifting  | 7 8 9 |  9.7

Action                     |  1- 3 |  4- 6 |  7- 9 | 10-12 || total
---------------------------+-------+-------+-------+-------++-------
  Melee: Unarmed           |    77 |   104 |   230 |   819 ||  1230
         Punch             |     4 |       |       |       ||     4
         Bite              |     9 |     9 |    37 |   109 ||   164
   Cast: Magic Dart        |       |       |    18 |     6 ||    24
         Searing Ray       |       |       |       |    10 ||    10
         Call Imp          |       |       |       |     6 ||     6
         Confusing Touch   |       |       |       |     6 ||     6
Ability: Lunge             |       |       |       |    31 ||    31
         Whirlwind         |       |       |       |    54 ||    54
         Wall Jump         |       |       |       |    63 ||    63
  Evoke: Wand              |       |       |     1 |     2 ||     3
    Use: Scroll            |     3 |     4 |     2 |    19 ||    28
         Potion            |       |       |       |     4 ||     4
   Stab: Sleeping          |     3 |       |       |     3 ||     6
         Confused          |       |       |       |     3 ||     3
         Distracted        |       |       |       |     1 ||     1
 Armour: Animal skin       |    24 |       |       |       ||    24
         Skin              |     2 |    37 |    79 |   328 ||   446
  Dodge: Dodged            |    40 |    71 |   179 |   689 ||   979
         Repelled          |       |       |     2 |       ||     2
  Block: Other             |       |       |    37 |   172 ||   209
         Reflection        |       |       |     2 |    22 ||    24
   Form: Flux              |     1 |       |       |       ||     1

Table legend: (Time is in decaauts)
 A = Elapsed time spent in this place.
 B = Non-inter-level travel time spent in this place.
 C = Inter-level travel time spent in this place.
 D = Time resting spent in this place.
 E = Time spent auto-exploring this place.
 F = Levels seen in this place.
 G = Mean time per level.
                   A        B        C        D        E       F      G
               +--------+--------+--------+--------+--------+-----+--------+
         Total |  13054 |  12719 |    335 |   2262 |   5925 |  13 | 1004.2 |
       Dungeon |  12950 |  12615 |    335 |   2262 |   5925 |  11 | 1177.3 |
        Temple |     17 |     17 |      0 |      0 |      0 |   1 |   17.0 |
  Orcish Mines |     87 |     87 |      0 |      0 |      0 |   1 |   87.0 |
               +--------+--------+--------+--------+--------+-----+--------+

Top non-repeatable levels by time:
    D:10: 3023 daAuts
     D:4: 1364 daAuts
    D:11: 1189 daAuts
     D:9: 1108 daAuts
     D:8: 1081 daAuts
     D:5: 1045 daAuts
     D:7: 943 daAuts
     D:6: 865 daAuts
     D:1: 856 daAuts
     D:2: 796 daAuts
     D:3: 675 daAuts
   Orc:1: 87 daAuts
  Temple: 17 daAuts
